Workbook
Name Dato: OFFSET(Listado,1,0,COUNTA('[1]RELACION DE INGRESOS Y GASTOS'!$D:$D)-COUNTA('[1]RELACION DE INGRESOS Y GASTOS'!$D$8),1)
Name dkdk: OFFSET(Listado,1,0,COUNTA('[1]RELACION DE INGRESOS Y GASTOS'!$D:$D)-COUNTA('[1]RELACION DE INGRESOS Y GASTOS'!$D$8),1)
Name Listado: '[1]RELACION DE INGRESOS Y GASTOS'!$D$8

Sheet PPTO FINAL
B8: FORMULARIO DE CANTIDADES Y PRESUPUESTO DE OBRA
B9: ITEM | C9: DESCRIPCIÓN | D9: UNIDAD | E9: CANTIDAD | F9: VR UNITARIO | G9: VR PARCIAL
C10: PERSONERIA DE PEREIRA | G10: =G11+G17+G23+G34+G48+G57 -> 3.641524e+08
B11: 1 | C11: DESMONTE | G11: =SUM(G12:G15) -> 4767762.7
B12: 1.1 | C12: Localización y replanteo | D12: M2 | E12: 264.5 | F12: ='ESTUDIO DE MERCADO'!Q12 -> 3712.2551 | G12: =+E12*F12 -> 981891.47
B13: 1.2 | C13: Desmonte de puerta metálicas o de madera, incluye marco disposicion final donde indique la supervision del contrato | D13: M2 | E13: 15 | F13: ='ESTUDIO DE MERCADO'!Q13 -> 19028.302 | G13: =+E13*F13 -> 285424.53
B14: 1.3 | C14: Desmonte de división metálica o de vidrio templado disposicion final donde indique la supervision del contrato | D14: M2 | E14: 124 | F14: ='ESTUDIO DE MERCADO'!Q14 -> 10021.212 | G14: =+E14*F14 -> 1242630.3
B15: 1.4 | C15: Aseo de obra de construcción | D15: M2 | E15: 232 | F15: ='ESTUDIO DE MERCADO'!Q15 -> 9731.9674 | G15: =+E15*F15 -> 2257816.4
B17: 2 | C17: PISOS | G17: =SUM(G18:G21) -> 49603786
B18: 2.1 | C18: Nivelación de superficie de piso existente con material compatible con el acabado final (mortero de nivelación o autonivelante), incluye preparación de la superficie | D18: M2 | E18: 137.5 | F18: ='ESTUDIO DE MERCADO'!Q18 -> 16128 | G18: =+E18*F18 -> 2217600
B19: 2.2 | C19: Suministro transporte e instalacion de Piso vinílico antideslizante, tráfico alto e = 4 mm de aproximadamente 18 x 122 cm. | D19: M2 | E19: 264.5 | F19: ='ESTUDIO DE MERCADO'!Q19 -> 155763.82 | G19: =+E19*F19 -> 41199531
B20: 2.3 | C20: construccion de Boca puerta en granito pulido, incluye dilataciones de bronce, a = 0,15 m | D20: M | E20: 10 | F20: ='ESTUDIO DE MERCADO'!Q20 -> 78269.563 | G20: =+E20*F20 -> 782695.63
B21: 2.4 | C21: suministro transporte e instalacion de Guarda escobas en listón de lámina de vinilo click ± h = 8 cm, Incluye accesorios necesarios para la instalacion | D21: ML | E21: 219.3 | F21: ='ESTUDIO DE MERCADO'!Q21 -> 24641.857 | G21: =+E21*F21 -> 5403959.1
B23: 3 | C23: ACABADOS | G23: =SUM(G24:G32) -> 2.1908291e+08
B24: 3.1 | C24: suministro transporte e instalacion de LAMINA WPC de 2,90 metros de alto x 16 cm de ancho y 2,3 cm de profundidad, Incluye accesorios necesarios para la instalacion | D24: UN | E24: 80 | F24: ='ESTUDIO DE MERCADO'!Q24 -> 106600 | G24: =+E24*F24 -> 8528000
B25: 3.2 | C25: suministro transporte e instalacion de listones de madera incluye accesorios necesarios para la instalacion según especificaciones tecnicas . | D25: UN | E25: 4 | F25: ='ESTUDIO DE MERCADO'!Q25 -> 101174.14 | G25: =+E25*F25 -> 404696.55
B26: 3.3 | C26: suministro transporte e instalacion de Persiana Enrollable Blackout 130X200Cm Blanco, Incluye accesorios necesarios para la instalacion | D26: UN | E26: 21 | F26: ='ESTUDIO DE MERCADO'!Q26 -> 244178.32 | G26: =+E26*F26 -> 5127744.7
B27: 3.4 | C27: Reinstalación paneleria existente en lámina, suministro demarco en lámina, incluye resane, anticorrosivo y pintura sobre estructura, puertas y marcos a dos caras en la totalidad del elemento a dos manos, Incluye accesorios necesarios para la instalacion. | D27: UN | E27: 60 | F27: ='ESTUDIO DE MERCADO'!Q27 -> 438784.36 | G27: =+E27*F27 -> 26327061
B28: 3.5 | C28: aplicación de Estuco y pintura con vinilo tipo I muros 3 capas según especificaciones tecnicas. | D28: M2 | E28: 212 | F28: ='ESTUDIO DE MERCADO'!Q28 -> 40319.038 | G28: =+E28*F28 -> 8547636
B29: 3.6 | C29: suministro y aplicación de Estuco y pintura cielo raso con vinilo tipo II 3 capas | D29: M2 | E29: 264.5 | F29: ='ESTUDIO DE MERCADO'!Q29 -> 57450.838 | G29: =+E29*F29 -> 15195747
B30: 3.7 | C30: suministro y aplicación de Pintura con esmalte estructura metálica 2 capas | D30: M2 | E30: 254 | F30: ='ESTUDIO DE MERCADO'!Q30 -> 51299 | G30: =+E30*F30 -> 13029946
B31: 3.8 | C31: Puertas Batientes en vidrios 10mm Templado, dos alas, Tubo Bisagras en acero inoxidable de 2 pulgadas con 4 puntos de fijacion. Cerradura Yale 170 falleba de piso en hoja pasiva. 1 cierrepuertas de piso Yale en Hoja Activo. Ancho 1800 mm, alto 2135 mm (verificar vano en sitio antes de fabricar). | D31: UN | E31: 4 | F31: ='ESTUDIO DE MERCADO'!Q31 -> 6280000 | G31: =+E31*F31 -> 25120000
B32: 3.9 | C32: Suministro e instalación de archivo rodante metalico, doble faz con estantería ajustable, base movil y sistema de rieles. Dimensión de 2,4m de ancho x 2,0m de alto x 1,2m de profundidad. | D32: M2 | E32: 44.769901 | F32: ='ESTUDIO DE MERCADO'!Q32 -> 2608942 | G32: =+E32*F32 -> 1.1680208e+08
B34: 4 | C34: INSTALACIÓN ELÉCTRICA | G34: =SUM(G35:G46) -> 28141241
B35: 4.1 | C35: Salida toma corriente doble polo a tierra cable Cu #12 THHN AWG, tubería conduit PVC 3/4" longitud promedio 6 m | D35: UN | E35: 24 | F35: ='ESTUDIO DE MERCADO'!Q35 -> 212400 | G35: =+E35*F35 -> 5097600
B36: 4.2 | C36: SUMINISTRO E INSTALACIÓN DE ACOMETIDA EN CABLE DE COBRE LIBRE DE HALOGENOS 1N°12 (F) + 1N°12 (N) + 1N°12 (T) | D36: M | E36: 86 | F36: ='ESTUDIO DE MERCADO'!Q36 -> 24466 | G36: =+E36*F36 -> 2104076
B37: 4.3 | C37: Salida interruptor sencillo,con aparato, cable de cobre aislado libre de halogenos calibre N°12 THHN y tubería PVC ø3/4" .Conductores libres de halógenos y baja emisión de humos longitud promedio 4.5 m | D37: UN | E37: 3 | F37: ='ESTUDIO DE MERCADO'!Q37 -> 225589.37 | G37: =+E37*F37 -> 676768.12
B38: 4.4 | C38: Salida interruptor doble, con aparato, cable de cobre aislado libre de halogenos calibre N°12 THHN y tubería PVC ø3/4" incluye accesorios de fijación a estructura, longitud promedio 4.5 m | D38: UN | E38: 6 | F38: ='ESTUDIO DE MERCADO'!Q38 -> 238580.96 | G38: =+E38*F38 -> 1431485.8
B39: 4.5 | C39: Salida interruptor doble Conmutable, con aparato, cable de cobre aislado libre de halogenos calibre N°12 THHN y tubería PVC ø3/4" incluye accesorios de fijación a estructura, longitud promedio 4.5 m | D39: UN | E39: 2 | F39: ='ESTUDIO DE MERCADO'!Q39 -> 254219 | G39: =+E39*F39 -> 508438
B40: 4.6 | C40: Salida interruptor triple, con aparato, cable de cobre aislado libre de halogenos calibre N°12 THHN y tubería PVC ø3/4" incluye accesorios de fijación a estructura, longitud promedio 4.5 m | D40: UN | E40: 3 | F40: ='ESTUDIO DE MERCADO'!Q40 -> 276000 | G40: =+E40*F40 -> 828000
B41: 4.7 | C41: Salida de iluminación, cable de cobre aislado libre de halogenos calibre N°12 THHN y tubería PVC ø3/4", incluye accesorios de fijación a estructura, longitud promedio 6.0 m | D41: UN | E41: 38 | F41: ='ESTUDIO DE MERCADO'!Q41 -> 243963 | G41: =+E41*F41 -> 9270594
B42: 4.8 | C42: suministro transporte e instalacion de Lámpara panel led sobre poner 60 x 60 48 W, blanca Halux o similar. Incluye accesorios necesarios para la conexión e instalacion. | D42: UN | E42: 7 | F42: ='ESTUDIO DE MERCADO'!Q42 -> 82543.002 | G42: =+E42*F42 -> 577801.02
B43: 4.9 | C43: suministro transporte e instalacion de Lámpara panel led sobre poner 60 x 30 24 W, blanca Halux o similar. Incluye accesorios necesarios para la conexión e instalacion. | D43: UN | E43: 10 | F43: ='ESTUDIO DE MERCADO'!Q43 -> 64543.002 | G43: =+E43*F43 -> 645430.02
B44: 4.10 | C44: suministro transporte e instalacion de Panel LED de sobreponer, 120 X 30 CM, 48 W. Incluye accesorios necesarios para la conexión e instalacion. | D44: UN | E44: 9 | F44: ='ESTUDIO DE MERCADO'!Q44 -> 248695 | G44: =+E44*F44 -> 2238255
B45: 4.11 | C45: suministro transporte e instalacion de Lámpara Lineal LED 17W de Descolgar Negra 120 x 5cm, Incluye accesorios necesarios para la conexión e instalacion. | D45: UN | E45: 12 | F45: ='ESTUDIO DE MERCADO'!Q45 -> 364177 | G45: =+E45*F45 -> 4370124
B46: 4.12 | C46: suministro transporte e instalacion de Lámpara Aplique De Pared Ojo De Lupa Alto Brillo, Incluye accesorios necesarios para la conexión e instalacion. | D46: UN | E46: 4 | F46: ='ESTUDIO DE MERCADO'!Q46 -> 98167.213 | G46: =+E46*F46 -> 392668.85
B48: 5 | C48: CABLEADO ESTRUCTURADO | G48: =SUM(G49:G55) -> 44131354
B49: 5.1 | C49: Suministro e Instalación de Switch 24 Puertos 10/100/1000 2 Pto SFP | D49: UN | E49: 2 | F49: ='ESTUDIO DE MERCADO'!Q49 -> 3260821.5 | G49: =+E49*F49 -> 6521643
B50: 5.2 | C50: Suministro e instalación de acometida para red regulada en cable de cobre libre de halógenos 1N°12 (F) + 1N°12 (N) + 1N°12 (T), desde el tablero de circuitos regulados | D50: M | E50: 105 | F50: =+'ESTUDIO DE MERCADO'!F50 -> 24466 | G50: =+E50*F50 -> 2568930
B51: 5.3 | C51: Suministro e instalacion de bandeja tipo malla 60x300 EZ tramo de 3 m con accesorios | D51: UN | E51: 3 | F51: ='ESTUDIO DE MERCADO'!Q51 -> 284390 | G51: =+E51*F51 -> 853170
B52: 5.4 | C52: Suministro e instalacion de Canaleta Metalica 20x5 Cm x2.40M Con Division Calibre 22- Atornillable Con Tapa | D52: UN | E52: 31 | F52: ='ESTUDIO DE MERCADO'!Q52 -> 180496 | G52: =+E52*F52 -> 5595376
B53: 5.5 | C53: Suministro e instalacion de punto de datos cat 6a (incluye cable u/utp cat 6a, jack, face plate y patch cords y caja de salida) | D53: UN | E53: 32 | F53: ='ESTUDIO DE MERCADO'!Q53 -> 561998 | G53: =+E53*F53 -> 17983936
B54: 5.6 | C54: Suministro e instalacion de red regulada (incluye tuberia, cable THHN calibre 12, toma y caja de salida y accesorios) | D54: UN | E54: 32 | F54: ='ESTUDIO DE MERCADO'!Q54 -> 308826 | G54: =+E54*F54 -> 9882432
B55: 5.7 | C55: Tablero trifasico de 24 circuitos 220/127v - con puerta chapa y llave, con espacio para totalizador | D55: UN | E55: 1 | F55: ='ESTUDIO DE MERCADO'!Q55 -> 725867 | G55: =+E55*F55 -> 725867
B57: 6 | C57: REPARACIÓN DE DAÑOS DEL SISMO – PISO 3 (MUROS EN ESTRUCTURA LIVIANA Y RESANE DE PLACA) | G57: =SUM(G58:G63) -> 18425353
B58: 6.1 | C58: Muro en estructura liviana con placa de fibrocemento tipo Superboard e = 10 mm a dos caras, perfilería galvanizada (canal y paral 59 c/0,61 m), fijada a losa y piso. Sin tratamiento de juntas ni acabado | D58: M2 | E58: 45 | F58: ='ESTUDIO DE MERCADO'!Q58 -> 167690.33 | G58: =+E58*F58 -> 7546065
B59: 6.2 | C59: Resane: tratamiento de juntas con cinta y masilla, tapado de tornillos y lijado (ambas caras) | D59: M2 | E59: 72 | F59: ='ESTUDIO DE MERCADO'!Q59 -> 6054.3333 | G59: =+E59*F59 -> 435912
B60: 6.3 | C60: Junta de separación perimetral de 10 a 15 mm entre muro liviano y estructura (placa y columnas): fondo de junta y sellante acrílico elastomérico pintable, por cara | D60: M | E60: 68.4 | F60: ='ESTUDIO DE MERCADO'!Q60 -> 11139.333 | G60: =+E60*F60 -> 761930.4
B61: 6.4 | C61: Resane de placa (cara inferior) con mortero 1:3 de arena fina lavada, modificado con adhesivo acrílico, aplicado sobre cabeza en capa delgada de 8 mm (máximo 10 mm por capa). Incluye escarificado y limpieza de la superficie, saturación y lechada de adherencia con adhesivo acrílico | D61: M2 | E61: 212 | F61: ='ESTUDIO DE MERCADO'!Q61 -> 37787.667 | G61: =+E61*F61 -> 8010985.3
B62: 6.5 | C62: Resane de fisuras en cielo raso: apertura de la fisura en V, limpieza, relleno con yeso y estuco, cinta en fisuras mayores y lijado (sin pintura). Medido sobre el área con fisuras | D62: M2 | E62: 39.7 | F62: ='ESTUDIO DE MERCADO'!Q62 -> 32693 | G62: =+E62*F62 -> 1297912.1
B63: 6.6 | C63: Retiro de sobrantes de obra: trasiego desde el piso 3, cargue, transporte en volqueta 10 km y disposición final en sitio autorizado | D63: M3 | E63: 2.5 | F63: ='ESTUDIO DE MERCADO'!Q63 -> 149019.33 | G63: =+E63*F63 -> 372548.33
C66: TOTAL COSTOS DIRECTOS (NO INCLUYE AIU)= | G66: =G10 -> 3.641524e+08
C68: TOTAL COSTOS INDIRECTOS (A.I.U.) = | G68: =SUM(G69:G71) -> 1.0924572e+08
C69: ADMINISTRACIÓN (24%) = | G69: =+$G$66*24% -> 87396577
C70: IMPREVISTOS (1%) = | G70: =+$G$66*1% -> 3641524
C71: UTILIDAD (5%) = | G71: =+$G$66*5% -> 18207620
B73: 7 | C73: SUMINISTROS | G73: =SUM(G74:G76) -> 10752063
B74: 7.1 | C74: Silla Escritorio Ergonomica Negro Con Cabecero y reposa brazos | D74: UN | E74: 6 | F74: ='ESTUDIO DE MERCADO'!Q74 -> 1109204 | G74: =+E74*F74 -> 6655224
B75: 7.2 | C75: Mesa de Juntas con dimensiones minimas de 2 x 1,1 mts, En Aglomerado RH, para 6 puestos, (Incluye todos sus accesorios para su correcta instalación) | D75: UN | E75: 1 | F75: ='ESTUDIO DE MERCADO'!Q75 -> 2891465 | G75: =+E75*F75 -> 2891465
B76: 7.3 | C76: Grommet 4 funciones (grommet 4 funciones 1 hdmi, 1usb y 2 tomas) | D76: UN | E76: 1 | F76: ='ESTUDIO DE MERCADO'!Q76 -> 1205374 | G76: =+E76*F76 -> 1205374
C77: SUMINISTROS + ADMINISTRACIÓN (12%) = | G77: =G73*1.12 -> 12042311
C79: TOTAL COSTOS DIRECTOS ( incluye AIU 30% + Suministros) | G79: =G66+G68+G77 -> 4.8544043e+08
C81: IVA SOBRE UTILIDAD | G81: =SUM(G82) -> 3459447.8
C82: IVA SOBRE UTILIDAD (19%) | G82: =+G71*19% -> 3459447.8
C84: TOTAL COSTOS DEL PROYECTO ( incluye AIU 30% + Suministros + IVA 19%) | G84: =G81+G79 -> 488899882
G87: 488899882
G88: =+G87-G84 -> 0
C91: Elaboró:
C92: ORIGINAL FIRMADO
C93: ______________________________________
C94: ING. JOSÉ ÁNGEL ROMERO OLMEDO
C95: Ingeniero civil, especialista en estructuras (CUC)
C96: Matrícula profesional 071037-0555921-CES
C97: Contratista CD-CPS-150-2026 – Personería Municipal de Pereira

Sheet ESTUDIO DE MERCADO
B8: FORMULARIO DE CANTIDADES Y PRESUPUESTO DE OBRA
B9: ITEM | C9: DESCRIPCIÓN | D9: UNIDAD | E9: CANTIDAD | F9: VR UNITARIO | G9: VR PARCIAL | I9: GOBERNACION RISARALDA 2025 + ICOCED JUL 2026 (6,03%) EDIFICACIONES DESTINO OFICINAS - VALIDAR ANEXO 3.3) | K9: WEB | M9: EMPRESA #1 | O9: EMPRESA #2 | Q9: PROMEDIO DE PRECIOS
C10: PERSONERIA DE PEREIRA | G10: =G11+G17+G23+G34+G48+G57 -> 3.641524e+08
B11: 1 | C11: DESMONTE | G11: =SUM(G12:G15) -> 4767762.7
B12: 1.1 | C12: Localización y replanteo | D12: M2 | E12: 264.5 | F12: 3712.2551 | G12: =+E12*F12 -> 981891.47 | I12: 1593.6309 | J12: =I12*E12 -> 421515.37 | M12: 3809.5763 | N12: =M12*E12 -> 1007632.9 | O12: 5733.558 | P12: =O12*E12 -> 1516526.1 | Q12: =(I12+M12+O12)/3 -> 3712.2551 | R12: =Q12*E12 -> 981891.47
B13: 1.2 | C13: Desmonte de puerta metálicas o de madera, incluye marco disposicion final donde indique la supervision del contrato | D13: M2 | E13: 15 | F13: 19028.302 | G13: =+E13*F13 -> 285424.53 | I13: 20001.499 | J13: =I13*E13 -> 300022.49 | M13: 20536.315 | N13: =M13*E13 -> 308044.72 | O13: 16547.093 | P13: =O13*E13 -> 248206.39 | Q13: =(I13+M13+O13)/3 -> 19028.302 | R13: =Q13*E13 -> 285424.53
B14: 1.3 | C14: Desmonte de división metálica o de vidrio templado disposicion final donde indique la supervision del contrato | D14: M2 | E14: 124 | F14: 10021.212 | G14: =+E14*F14 -> 1242630.3 | I14: 10812.939 | J14: =I14*E14 -> 1340804.5 | M14: 11017.693 | N14: =M14*E14 -> 1366193.9 | O14: 8233.0029 | P14: =O14*E14 -> 1020892.4 | Q14: =(I14+M14+O14)/3 -> 10021.212 | R14: =Q14*E14 -> 1242630.3
B15: 1.4 | C15: Aseo de obra de construcción | D15: M2 | E15: 232 | F15: 9731.9674 | G15: =+E15*F15 -> 2257816.4 | I15: 10120.564 | J15: =I15*E15 -> 2347970.7 | M15: 10730.452 | N15: =M15*E15 -> 2489464.8 | O15: 8344.887 | P15: =O15*E15 -> 1936013.8 | Q15: =(I15+M15+O15)/3 -> 9731.9674 | R15: =Q15*E15 -> 2257816.4
M16: 0 | N16: =M16*E16 -> 0 | O16: 0 | P16: =O16*E16 -> 0 | Q16: =(I16+M16+O16)/3 -> 0 | R16: =Q16*E16 -> 0
B17: 2 | C17: PISOS | F17: 0 | G17: =SUM(G18:G21) -> 49603786 | M17: 0 | N17: =M17*E17 -> 0 | O17: 0 | P17: =O17*E17 -> 0 | Q17: =(I17+M17+O17)/3 -> 0 | R17: =Q17*E17 -> 0
B18: 2.1 | C18: Nivelación de superficie de piso existente con material compatible con el acabado final (mortero de nivelación o autonivelante), incluye preparación de la superficie | D18: M2 | E18: 137.5 | F18: 16128 | G18: =+E18*F18 -> 2217600 | I18: 6544.1716 | J18: =I18*E18 -> 899823.59 | M18: 16526.54 | N18: =M18*E18 -> 2272399.2 | O18: 25313.289 | P18: =O18*E18 -> 3480577.2 | Q18: =(I18+M18+O18)/3 -> 16128 | R18: =Q18*E18 -> 2217600
B19: 2.2 | C19: Suministro transporte e instalacion de Piso vinílico antideslizante, tráfico alto e = 4 mm de aproximadamente 18 x 122 cm. | D19: M2 | E19: 264.5 | F19: 155763.82 | G19: =+E19*F19 -> 41199531 | I19: 81820.17 | J19: =I19*E19 -> 21641435 | M19: 158934.48 | N19: =M19*E19 -> 42038169 | O19: 226536.82 | P19: =O19*E19 -> 59918988 | Q19: =(I19+M19+O19)/3 -> 155763.82 | R19: =Q19*E19 -> 41199531
B20: 2.3 | C20: construccion de Boca puerta en granito pulido, incluye dilataciones de bronce, a = 0,15 m | D20: M | E20: 10 | F20: 78269.563 | G20: =+E20*F20 -> 782695.63 | I20: 78601.099 | J20: =I20*E20 -> 786010.99 | K20: 117900 | L20: =K20*E20 -> 1179000 | M20: 81079.466 | N20: =M20*E20 -> 810794.66 | O20: 75459.66 | P20: =O20*E20 -> 754596.6 | Q20: =(M20+O20)/2 -> 78269.563 | R20: =Q20*E20 -> 782695.63
B21: 2.4 | C21: suministro transporte e instalacion de Guarda escobas en listón de lámina de vinilo click ± h = 8 cm, Incluye accesorios necesarios para la instalacion | D21: ML | E21: 219.3 | F21: 24641.857 | G21: =+E21*F21 -> 5403959.1 | I21: 9736.7349 | J21: =I21*E21 -> 2135266 | K21: =174000/25 -> 6960 | L21: =K21*E21 -> 1526328 | M21: 25958.118 | N21: =M21*E21 -> 5692615.3 | O21: 23325.595 | P21: =O21*E21 -> 5115303 | Q21: =(M21+O21)/2 -> 24641.857 | R21: =Q21*E21 -> 5403959.1
B23: 3 | C23: ACABADOS | G23: =SUM(G24:G32) -> 2.1908291e+08
B24: 3.1 | C24: suministro transporte e instalacion de LAMINA WPC de 2,90 metros de alto x 16 cm de ancho y 2,3 cm de profundidad, Incluye accesorios necesarios para la instalacion | D24: UN | E24: 80 | F24: 106600 | G24: =+E24*F24 -> 8528000 | K24: 108900 | L24: =K24*E24 -> 8712000 | M24: 110107.32 | N24: =M24*E24 -> 8808585.8 | O24: 103092.68 | P24: =O24*E24 -> 8247414.2 | Q24: =(M24+O24)/2 -> 106600 | R24: =Q24*E24 -> 8528000
B25: 3.2 | C25: suministro transporte e instalacion de listones de madera incluye accesorios necesarios para la instalacion según especificaciones tecnicas . | D25: UN | E25: 4 | F25: 101174.14 | G25: =+E25*F25 -> 404696.55 | K25: 119900 | L25: =K25*E25 -> 479600 | M25: 109362.6 | N25: =M25*E25 -> 437450.39 | O25: 92985.677 | P25: =O25*E25 -> 371942.71 | Q25: =(M25+O25)/2 -> 101174.14 | R25: =Q25*E25 -> 404696.55
B26: 3.3 | C26: suministro transporte e instalacion de Persiana Enrollable Blackout 130X200Cm Blanco, Incluye accesorios necesarios para la instalacion | D26: UN | E26: 21 | F26: 244178.32 | G26: =+E26*F26 -> 5127744.7 | K26: 234900 | L26: =K26*E26 -> 4932900 | M26: 256668.15 | N26: =M26*E26 -> 5390031.1 | O26: 231688.49 | P26: =O26*E26 -> 4865458.3 | Q26: =(M26+O26)/2 -> 244178.32 | R26: =Q26*E26 -> 5127744.7
B27: 3.4 | C27: Reinstalación paneleria existente en lámina, suministro demarco en lámina, incluye resane, anticorrosivo y pintura sobre estructura, puertas y marcos a dos caras en la totalidad del elemento a dos manos, Incluye accesorios necesarios para la instalacion. | D27: UN | E27: 60 | F27: 438784.36 | G27: =+E27*F27 -> 26327061 | M27: 448432.4 | N27: =M27*E27 -> 26905944 | O27: 429136.31 | P27: =O27*E27 -> 25748179 | Q27: =(M27+O27)/2 -> 438784.36 | R27: =Q27*E27 -> 26327061
B28: 3.5 | C28: aplicación de Estuco y pintura con vinilo tipo I muros 3 capas según especificaciones tecnicas. | D28: M2 | E28: 212 | F28: 40319.038 | G28: =+E28*F28 -> 8547636 | I28: 39906.511 | J28: =I28*E28 -> 8460180.4 | M28: 42554.292 | N28: =M28*E28 -> 9021509.9 | O28: 38496.309 | P28: =O28*E28 -> 8161217.6 | Q28: =(I28+M28+O28)/3 -> 40319.038 | R28: =Q28*E28 -> 8547636
B29: 3.6 | C29: suministro y aplicación de Estuco y pintura cielo raso con vinilo tipo II 3 capas | D29: M2 | E29: 264.5 | F29: 57450.838 | G29: =+E29*F29 -> 15195747 | I29: 42321.874 | J29: =I29*E29 -> 11194136 | M29: 60906.798 | N29: =M29*E29 -> 16109848 | O29: 69123.843 | P29: =O29*E29 -> 18283256 | Q29: =(I29+M29+O29)/3 -> 57450.838 | R29: =Q29*E29 -> 15195747
B30: 3.7 | C30: suministro y aplicación de Pintura con esmalte estructura metálica 2 capas | D30: M2 | E30: 254 | F30: 51299 | G30: =+E30*F30 -> 13029946 | I30: 39213.075 | J30: =I30*E30 -> 9960121 | M30: 54924.051 | N30: =M30*E30 -> 13950709 | O30: 59759.874 | P30: =O30*E30 -> 15179008 | Q30: =(I30+M30+O30)/3 -> 51299 | R30: =Q30*E30 -> 13029946
B31: 3.8 | C31: Puertas Batientes en vidrios 10mm Templado, dos alas, Tubo Bisagras en acero inoxidable de 2 pulgadas con 4 puntos de fijacion. Cerradura Yale 170 falleba de piso en hoja pasiva. 1 cierrepuertas de piso Yale en Hoja Activo. Ancho 1800 mm, alto 2135 mm (verificar vano en sitio antes de fabricar). | D31: UN | E31: 4 | F31: 6280000 | G31: =+E31*F31 -> 25120000 | M31: 6452291.6 | N31: =M31*E31 -> 25809167 | O31: 6107708.4 | P31: =O31*E31 -> 24430833 | Q31: =(M31+O31)/2 -> 6280000 | R31: =Q31*E31 -> 25120000
B32: 3.9 | C32: Suministro e instalación de archivo rodante metalico, doble faz con estantería ajustable, base movil y sistema de rieles. Dimensión de 2,4m de ancho x 2,0m de alto x 1,2m de profundidad. | D32: M2 | E32: 44.769901 | F32: 2608942 | G32: =+E32*F32 -> 1.1680208e+08 | K32: 2600000 | L32: =K32*E32 -> 1.1640174e+08 | M32: 2807957.7 | N32: =M32*E32 -> 1.2571199e+08 | O32: 2409926.3 | P32: =O32*E32 -> 1.0789216e+08 | Q32: =(M32+O32)/2 -> 2608942 | R32: =Q32*E32 -> 1.1680208e+08
B34: 4 | C34: INSTALACIÓN ELÉCTRICA | G34: =SUM(G35:G46) -> 28141241
B35: 4.1 | C35: Salida toma corriente doble polo a tierra cable Cu #12 THHN AWG, tubería conduit PVC 3/4" longitud promedio 6 m | D35: UN | E35: 24 | F35: 212400 | G35: =+E35*F35 -> 5097600 | I35: 148404.89 | J35: =I35*E35 -> 3561717.3 | M35: 226145.11 | N35: =M35*E35 -> 5427482.7 | O35: 262650 | P35: =O35*E35 -> 6303599.9 | Q35: =(I35+M35+O35)/3 -> 212400 | R35: =Q35*E35 -> 5097600
B36: 4.2 | C36: SUMINISTRO E INSTALACIÓN DE ACOMETIDA EN CABLE DE COBRE LIBRE DE HALOGENOS 1N°12 (F) + 1N°12 (N) + 1N°12 (T) | D36: M | E36: 86 | F36: 24466 | G36: =+E36*F36 -> 2104076 | I36: 16707.147 | J36: =I36*E36 -> 1436814.7 | M36: 26117.697 | N36: =M36*E36 -> 2246121.9 | O36: 30573.156 | P36: =O36*E36 -> 2629291.4 | Q36: =(I36+M36+O36)/3 -> 24466 | R36: =Q36*E36 -> 2104076
B37: 4.3 | C37: Salida interruptor sencillo,con aparato, cable de cobre aislado libre de halogenos calibre N°12 THHN y tubería PVC ø3/4" .Conductores libres de halógenos y baja emisión de humos longitud promedio 4.5 m | D37: UN | E37: 3 | F37: 225589.37 | G37: =+E37*F37 -> 676768.12 | I37: 195322.1 | J37: =I37*E37 -> 585966.31 | M37: 247546.05 | N37: =M37*E37 -> 742638.16 | O37: 233899.96 | P37: =O37*E37 -> 701699.88 | Q37: =(I37+M37+O37)/3 -> 225589.37 | R37: =Q37*E37 -> 676768.12
B38: 4.4 | C38: Salida interruptor doble, con aparato, cable de cobre aislado libre de halogenos calibre N°12 THHN y tubería PVC ø3/4" incluye accesorios de fijación a estructura, longitud promedio 4.5 m | D38: UN | E38: 6 | F38: 238580.96 | G38: =+E38*F38 -> 1431485.8 | I38: 295524.7 | J38: =I38*E38 -> 1773148.2 | M38: 247307.17 | N38: =M38*E38 -> 1483843 | O38: 172911.02 | P38: =O38*E38 -> 1037466.1 | Q38: =(I38+M38+O38)/3 -> 238580.96 | R38: =Q38*E38 -> 1431485.8
B39: 4.5 | C39: Salida interruptor doble Conmutable, con aparato, cable de cobre aislado libre de halogenos calibre N°12 THHN y tubería PVC ø3/4" incluye accesorios de fijación a estructura, longitud promedio 4.5 m | D39: UN | E39: 2 | F39: 254219 | G39: =+E39*F39 -> 508438 | I39: 313520.11 | J39: =I39*E39 -> 627040.21 | M39: 266724.5 | N39: =M39*E39 -> 533449 | O39: 182412.39 | P39: =O39*E39 -> 364824.79 | Q39: =(I39+M39+O39)/3 -> 254219 | R39: =Q39*E39 -> 508438
B40: 4.6 | C40: Salida interruptor triple, con aparato, cable de cobre aislado libre de halogenos calibre N°12 THHN y tubería PVC ø3/4" incluye accesorios de fijación a estructura, longitud promedio 4.5 m | D40: UN | E40: 3 | F40: 276000 | G40: =+E40*F40 -> 828000 | I40: 322585.67 | J40: =I40*E40 -> 967757.02 | M40: 293127.5 | N40: =M40*E40 -> 879382.51 | O40: 212286.82 | P40: =O40*E40 -> 636860.47 | Q40: =(I40+M40+O40)/3 -> 276000 | R40: =Q40*E40 -> 828000
B41: 4.7 | C41: Salida de iluminación, cable de cobre aislado libre de halogenos calibre N°12 THHN y tubería PVC ø3/4", incluye accesorios de fijación a estructura, longitud promedio 6.0 m | D41: UN | E41: 38 | F41: 243963 | G41: =+E41*F41 -> 9270594 | I41: 274999.41 | J41: =I41*E41 -> 10449978 | M41: 261902.32 | N41: =M41*E41 -> 9952288.3 | O41: 194987.27 | P41: =O41*E41 -> 7409516.1 | Q41: =(I41+M41+O41)/3 -> 243963 | R41: =Q41*E41 -> 9270594
B42: 4.8 | C42: suministro transporte e instalacion de Lámpara panel led sobre poner 60 x 60 48 W, blanca Halux o similar. Incluye accesorios necesarios para la conexión e instalacion. | D42: UN | E42: 7 | F42: 82543.002 | G42: =+E42*F42 -> 577801.02 | K42: 99900 | L42: =K42*E42 -> 699300 | M42: 87367.83 | N42: =M42*E42 -> 611574.81 | O42: 77718.174 | P42: =O42*E42 -> 544027.22 | Q42: =(M42+O42)/2 -> 82543.002 | R42: =Q42*E42 -> 577801.02
B43: 4.9 | C43: suministro transporte e instalacion de Lámpara panel led sobre poner 60 x 30 24 W, blanca Halux o similar. Incluye accesorios necesarios para la conexión e instalacion. | D43: UN | E43: 10 | F43: 64543.002 | G43: =+E43*F43 -> 645430.02 | K43: 44900 | L43: =K43*E43 -> 449000 | M43: 70901.253 | N43: =M43*E43 -> 709012.53 | O43: 58184.751 | P43: =O43*E43 -> 581847.51 | Q43: =(M43+O43)/2 -> 64543.002 | R43: =Q43*E43 -> 645430.02
B44: 4.10 | C44: suministro transporte e instalacion de Panel LED de sobreponer, 120 X 30 CM, 48 W. Incluye accesorios necesarios para la conexión e instalacion. | D44: UN | E44: 9 | F44: 248695 | G44: =+E44*F44 -> 2238255 | K44: 109900 | L44: =K44*E44 -> 989100 | M44: 264663.52 | N44: =M44*E44 -> 2381971.7 | O44: 232726.48 | P44: =O44*E44 -> 2094538.3 | Q44: =(M44+O44)/2 -> 248695 | R44: =Q44*E44 -> 2238255
B45: 4.11 | C45: suministro transporte e instalacion de Lámpara Lineal LED 17W de Descolgar Negra 120 x 5cm, Incluye accesorios necesarios para la conexión e instalacion. | D45: UN | E45: 12 | F45: 364177 | G45: =+E45*F45 -> 4370124 | K45: 474900 | L45: =K45*E45 -> 5698800 | M45: 377072.62 | N45: =M45*E45 -> 4524871.4 | O45: 351281.38 | P45: =O45*E45 -> 4215376.6 | Q45: =(M45+O45)/2 -> 364177 | R45: =Q45*E45 -> 4370124
B46: 4.12 | C46: suministro transporte e instalacion de Lámpara Aplique De Pared Ojo De Lupa Alto Brillo, Incluye accesorios necesarios para la conexión e instalacion. | D46: UN | E46: 4 | F46: 98167.213 | G46: =+E46*F46 -> 392668.85 | K46: 79900 | L46: =K46*E46 -> 319600 | M46: 101062.58 | N46: =M46*E46 -> 404250.3 | O46: 95271.851 | P46: =O46*E46 -> 381087.41 | Q46: =(M46+O46)/2 -> 98167.213 | R46: =Q46*E46 -> 392668.85
B48: 5 | C48: CABLEADO ESTRUCTURADO | G48: =SUM(G49:G55) -> 44131354
B49: 5.1 | C49: Suministro e Instalación de Switch 24 Puertos 10/100/1000 2 Pto SFP | D49: UN | E49: 2 | F49: 3260821.5 | G49: =+E49*F49 -> 6521643 | K49: 3613525 | L49: =K49*E49 -> 7227050 | M49: 3249650 | N49: =M49*E49 -> 6499300 | O49: 2919289.5 | P49: =O49*E49 -> 5838579.1 | Q49: =(K49+M49+O49)/3 -> 3260821.5 | R49: =Q49*E49 -> 6521643
B50: 5.2 | C50: Suministro e instalación de acometida para red regulada en cable de cobre libre de halógenos 1N°12 (F) + 1N°12 (N) + 1N°12 (T), desde el tablero de circuitos regulados | D50: M | E50: 105 | F50: 24466 | G50: =+E50*F50 -> 2568930 | M50: 26117.697 | N50: =M50*E50 -> 2742358.2 | O50: 30573.156 | P50: =O50*E50 -> 3210181.4 | Q50: =(M50+O50)/2 -> 28345.426 | R50: =Q50*E50 -> 2976269.8
B51: 5.3 | C51: Suministro e instalacion de bandeja tipo malla 60x300 EZ tramo de 3 m con accesorios | D51: UN | E51: 3 | F51: 284390 | G51: =+E51*F51 -> 853170 | M51: 297540 | N51: =M51*E51 -> 892620 | O51: 271240 | P51: =O51*E51 -> 813720 | Q51: =(M51+O51)/2 -> 284390 | R51: =Q51*E51 -> 853170
B52: 5.4 | C52: Suministro e instalacion de Canaleta Metalica 20x5 Cm x2.40M Con Division Calibre 22- Atornillable Con Tapa | D52: UN | E52: 31 | F52: 180496 | G52: =+E52*F52 -> 5595376 | M52: 177180 | N52: =M52*E52 -> 5492580 | O52: 183812 | P52: =O52*E52 -> 5698172 | Q52: =(M52+O52)/2 -> 180496 | R52: =Q52*E52 -> 5595376
B53: 5.5 | C53: Suministro e instalacion de punto de datos cat 6a (incluye cable u/utp cat 6a, jack, face plate y patch cords y caja de salida) | D53: UN | E53: 32 | F53: 561998 | G53: =+E53*F53 -> 17983936 | M53: 580200 | N53: =M53*E53 -> 18566400 | O53: 543796 | P53: =O53*E53 -> 17401472 | Q53: =(M53+O53)/2 -> 561998 | R53: =Q53*E53 -> 17983936
B54: 5.6 | C54: Suministro e instalacion de red regulada (incluye tuberia, cable THHN calibre 12, toma y caja de salida y accesorios) | D54: UN | E54: 32 | F54: 308826 | G54: =+E54*F54 -> 9882432 | M54: 315010 | N54: =M54*E54 -> 10080320 | O54: 302642 | P54: =O54*E54 -> 9684544 | Q54: =(M54+O54)/2 -> 308826 | R54: =Q54*E54 -> 9882432
B55: 5.7 | C55: Tablero trifasico de 24 circuitos 220/127v - con puerta chapa y llave, con espacio para totalizador | D55: UN | E55: 1 | F55: 725867 | G55: =+E55*F55 -> 725867 | M55: 718430 | N55: =M55*E55 -> 718430 | O55: 733304 | P55: =O55*E55 -> 733304 | Q55: =(M55+O55)/2 -> 725867 | R55: =Q55*E55 -> 725867
B57: 6 | C57: REPARACIÓN DE DAÑOS DEL SISMO – PISO 3 (MUROS EN ESTRUCTURA LIVIANA Y RESANE DE PLACA) | G57: =SUM(G58:G63) -> 18425353
B58: 6.1 | C58: Muro en estructura liviana con placa de fibrocemento tipo Superboard e = 10 mm a dos caras, perfilería galvanizada (canal y paral 59 c/0,61 m), fijada a losa y piso. Sin tratamiento de juntas ni acabado | D58: M2 | E58: 45 | F58: =Q58 -> 167690.33 | G58: =+E58*F58 -> 7546065 | I58: 144932 | J58: =I58*E58 -> 6521940 | K58: =ROUND(159153*1.0603,0) -> 168750 | L58: =K58*E58 -> 7593750 | M58: 165768 | N58: =M58*E58 -> 7459560 | O58: 192371 | P58: =O58*E58 -> 8656695 | Q58: =(I58+M58+O58)/3 -> 167690.33 | R58: =Q58*E58 -> 7546065
B59: 6.2 | C59: Resane: tratamiento de juntas con cinta y masilla, tapado de tornillos y lijado (ambas caras) | D59: M2 | E59: 72 | F59: =Q59 -> 6054.3333 | G59: =+E59*F59 -> 435912 | I59: 6133 | J59: =I59*E59 -> 441576 | M59: 5980 | N59: =M59*E59 -> 430560 | O59: 6050 | P59: =O59*E59 -> 435600 | Q59: =(I59+M59+O59)/3 -> 6054.3333 | R59: =Q59*E59 -> 435912
B60: 6.3 | C60: Junta de separación perimetral de 10 a 15 mm entre muro liviano y estructura (placa y columnas): fondo de junta y sellante acrílico elastomérico pintable, por cara | D60: M | E60: 68.4 | F60: =Q60 -> 11139.333 | G60: =+E60*F60 -> 761930.4 | I60: 10848 | J60: =I60*E60 -> 742003.2 | K60: =ROUND(11457*1.0603,0) -> 12148 | L60: =K60*E60 -> 830923.2 | M60: 11230 | N60: =M60*E60 -> 768132 | O60: 11340 | P60: =O60*E60 -> 775656 | Q60: =(I60+M60+O60)/3 -> 11139.333 | R60: =Q60*E60 -> 761930.4
B61: 6.4 | C61: Resane de placa (cara inferior) con mortero 1:3 de arena fina lavada, modificado con adhesivo acrílico, aplicado sobre cabeza en capa delgada de 8 mm (máximo 10 mm por capa). Incluye escarificado y limpieza de la superficie, saturación y lechada de adherencia con adhesivo acrílico | D61: M2 | E61: 212 | F61: =Q61 -> 37787.667 | G61: =+E61*F61 -> 8010985.3 | I61: 37843 | J61: =I61*E61 -> 8022716 | K61: =ROUND(35129*1.0603,0) -> 37247 | L61: =K61*E61 -> 7896364 | M61: 36960 | N61: =M61*E61 -> 7835520 | O61: 38560 | P61: =O61*E61 -> 8174720 | Q61: =(I61+M61+O61)/3 -> 37787.667 | R61: =Q61*E61 -> 8010985.3
B62: 6.5 | C62: Resane de fisuras en cielo raso: apertura de la fisura en V, limpieza, relleno con yeso y estuco, cinta en fisuras mayores y lijado (sin pintura). Medido sobre el área con fisuras | D62: M2 | E62: 39.7 | F62: =Q62 -> 32693 | G62: =+E62*F62 -> 1297912.1 | I62: 32323 | J62: =I62*E62 -> 1283223.1 | M62: 31856 | N62: =M62*E62 -> 1264683.2 | O62: 33900 | P62: =O62*E62 -> 1345830 | Q62: =(I62+M62+O62)/3 -> 32693 | R62: =Q62*E62 -> 1297912.1
B63: 6.6 | C63: Retiro de sobrantes de obra: trasiego desde el piso 3, cargue, transporte en volqueta 10 km y disposición final en sitio autorizado | D63: M3 | E63: 2.5 | F63: =Q63 -> 149019.33 | G63: =+E63*F63 -> 372548.33 | I63: 148808 | J63: =I63*E63 -> 372020 | M63: 148600 | N63: =M63*E63 -> 371500 | O63: 149650 | P63: =O63*E63 -> 374125 | Q63: =(I63+M63+O63)/3 -> 149019.33 | R63: =Q63*E63 -> 372548.33
C66: TOTAL COSTOS DIRECTOS (NO INCLUYE AIU)= | G66: =G10 -> 3.641524e+08 | J66: =SUM(J12:J46) -> 78889707 | L66: =SUM(L12:L46) -> 1.4138737e+08 | N66: =SUM(N12:N63) -> 3.811494e+08 | P66: =SUM(P12:P63) -> 3.7721331e+08 | R66: =SUM(R12:R63) -> 3.6455974e+08
C68: TOTAL COSTOS INDIRECTOS (A.I.U.) = | G68: =SUM(G69:G71) -> 1.0924572e+08 | J68: =SUM(J69:J71) -> 23666912 | L68: =SUM(L69:L71) -> 42416211 | N68: =SUM(N69:N71) -> 1.1434482e+08 | P68: =SUM(P69:P71) -> 1.1316399e+08 | R68: =SUM(R69:R71) -> 1.0936792e+08
C69: ADMINISTRACIÓN (24%) = | G69: =+$G$66*24% -> 87396577 | J69: =+$J$66*24% -> 18933530 | L69: =+L66*24% -> 33932969 | N69: =+N66*24% -> 91475856 | P69: =+P66*24% -> 90531194 | R69: =+R66*24% -> 87494338
C70: IMPREVISTOS (1%) = | G70: =+$G$66*1% -> 3641524 | J70: =+$J$66*1% -> 788897.07 | L70: =+L66*1% -> 1413873.7 | N70: =+N66*1% -> 3811494 | P70: =+P66*1% -> 3772133.1 | R70: =+R66*1% -> 3645597.4
C71: UTILIDAD (5%) = | G71: =+$G$66*5% -> 18207620 | J71: =+J66*5% -> 3944485.4 | L71: =+L66*5% -> 7069368.5 | N71: =+N66*5% -> 19057470 | P71: =+P66*5% -> 18860665 | R71: =+R66*5% -> 18227987
B73: 7 | C73: SUMINISTROS | G73: =SUM(G74:G76) -> 10752063 | J73: 0 | L73: =SUM(L74:L76) -> 17153916 | N73: =SUM(N74:N76) -> 10967104 | P73: =SUM(P74:P76) -> 10537022 | R73: =SUM(R74:R76) -> 10752063
B74: 7.1 | C74: Silla Escritorio Ergonomica Negro Con Cabecero y reposa brazos | D74: UN | E74: 6 | F74: 1109204 | G74: =+E74*F74 -> 6655224 | K74: 1589900 | L74: =K74*E74 -> 9539400 | M74: =F74*1.02 -> 1131388.1 | N74: =M74*E74 -> 6788328.5 | O74: 1087019.9 | P74: =O74*E74 -> 6522119.5 | Q74: =(M74+O74)/2 -> 1109204 | R74: =Q74*E74 -> 6655224
B75: 7.2 | C75: Mesa de Juntas con dimensiones minimas de 2 x 1,1 mts, En Aglomerado RH, para 6 puestos, (Incluye todos sus accesorios para su correcta instalación) | D75: UN | E75: 1 | F75: 2891465 | G75: =+E75*F75 -> 2891465 | K75: 6059900 | L75: =K75*E75 -> 6059900 | M75: 2949294.3 | N75: =M75*E75 -> 2949294.3 | O75: 2833635.7 | P75: =O75*E75 -> 2833635.7 | Q75: =(M75+O75)/2 -> 2891465 | R75: =Q75*E75 -> 2891465
B76: 7.3 | C76: Grommet 4 funciones (grommet 4 funciones 1 hdmi, 1usb y 2 tomas) | D76: UN | E76: 1 | F76: 1205374 | G76: =+E76*F76 -> 1205374 | K76: 1554616 | L76: =K76*E76 -> 1554616 | M76: 1229481.5 | N76: =M76*E76 -> 1229481.5 | O76: 1181266.5 | P76: =O76*E76 -> 1181266.5 | Q76: =(M76+O76)/2 -> 1205374 | R76: =Q76*E76 -> 1205374
C77: SUMINISTROS + ADMINISTRACIÓN (12%) = | G77: =G73*1.12 -> 12042311 | J77: 0 | L77: =L73*1.12 -> 19212386 | N77: =N73*1.12 -> 12283157 | P77: =P73*1.12 -> 11801464 | R77: =R73*1.12 -> 12042311
C79: TOTAL COSTOS DIRECTOS ( incluye AIU 30% + Suministros) | G79: =G66+G68+G77 -> 4.8544043e+08 | J79: =J66+J68+J77 -> 1.0255662e+08 | L79: =L66+L68+L77 -> 2.0301597e+08 | N79: =N66+N68+N77 -> 5.0777738e+08 | P79: =P66+P68+P77 -> 5.0217876e+08 | R79: =R66+R68+R77 -> 4.8596998e+08
C81: IVA SOBRE UTILIDAD | G81: =SUM(G82) -> 3459447.8 | J81: =SUM(J82) -> 749452.22 | L81: =SUM(L82) -> 1343180 | N81: =SUM(N82) -> 3620919.3 | P81: =SUM(P82) -> 3583526.4 | R81: =SUM(R82) -> 3463317.6
C82: IVA SOBRE UTILIDAD (19%) | G82: =+G71*19% -> 3459447.8 | J82: =+J71*19% -> 749452.22 | L82: =+L71*19% -> 1343180 | N82: =+N71*19% -> 3620919.3 | P82: =+P71*19% -> 3583526.4 | R82: =+R71*19% -> 3463317.6
C84: TOTAL COSTOS DEL PROYECTO ( incluye AIU 30% + Suministros + IVA 19%) | G84: =G81+G79 -> 488899882 | J84: =J81+J79 -> 1.0330607e+08 | L84: =L81+L79 -> 2.0435915e+08 | N84: =N81+N79 -> 5.113983e+08 | P84: =P81+P79 -> 5.0576229e+08 | R84: =R81+R79 -> 4.8943329e+08
C92: Elaboró:
C94: ORIGINAL FIRMADO
C95: ING. JOSÉ ÁNGEL ROMERO OLMEDO
C96: Ingeniero civil, especialista en estructuras (CUC)
C97: Matrícula profesional 071037-0555921-CES
C98: Contratista CD-CPS-150-2026 – Personería Municipal de Pereira

Sheet Hoja1
